 Dungeon Crawl Stone Soup version bcrawl-1.21.2-1-g32d02e0829 (webtiles) character file.

Game seed: 13365401899901931876

112 Foic the Magician (level 4, -3/33 HPs)
             Began as a Djinni Wizard on Feb 19, 2020.
             Killed by divine providence
             ... invoked by an orc priest
              (11 damage)
             ... on level 4 of the Dungeon.
             The game lasted 00:22:53 (5020 turns).

Foic the Magician (Djinni Wizard)                   Turns: 5020, Time: 00:22:54

Health: -3/33      AC:  3    Str:  9    XL:     4   Next: 64%
Magic:  6/12       EV: 12    Int: 22    God:
Gold:   164        SH:  0    Dex:  9    Spells: 7/15 levels left

rFire    . . .     SeeInvis +   a - +0 staff
rCold    . . .     Gourm    .   (no shield)
rNeg     . . .     Faith    .   b - +0 robe
rPois    .         Spirit   .   c - +0 hat
rElec    .         Reflect  .   (no cloak)
rCorr    .         Harm     .   l - +0 pair of gloves
MR       .....     Rnd*Rage +   (boots unavailable)
Stlth    ++........             (no amulet)
HPRegen  0.11/turn              x - ring of wizardry
MPRegen  0.13/turn              r - ring of see invisible

@: flying
A: never pass out, berserk 2, blink, blurry vision 2, wild magic 2, MP-powered
wands, floating
a: Blink


You were on level 4 of the Dungeon.
You were not hungry.

You visited 1 branch of the dungeon, and saw 4 of its levels.

You collected 164 gold pieces.

Inventory:

Hand Weapons
 a - a +0 staff (weapon)
Missiles
 i - 1187 stones (quivered)
 j - 464 arrows
 k - 383 sling bullets
Armour
 b - a +0 robe (worn)
 c - a +0 hat (worn)
 l - a +0 pair of gloves (worn)
 u - a +0 leather armour
 v - a +0 shield
Jewellery
 r - a ring of see invisible (right hand)
 x - a ring of wizardry (left hand)
Wands
 s - a wand of flame (9)
Scrolls
 g - 2 scrolls of identify
 m - a scroll of immolation {unknown}
 n - a scroll of enchant armour {unknown}
 o - 2 scrolls of amnesia {unknown}
 q - 3 scrolls of remove curse {unknown}
 t - a scroll of blinking {unknown}
 y - a scroll of teleportation {unknown}
Potions
 f - 3 potions of brilliance
 h - a potion of agility {unknown}
 p - 2 potions of curing {unknown}
 w - a potion of heal wounds {unknown}
 z - 2 potions of flight {unknown}
Comestibles
 d - 2 chunks of flesh
 e - 6 rations {!d}


   Skills:
 + Level 2.3 Dodging
 + Level 1.7 Stealth
 + Level 6.3 Spellcasting
 + Level 2.2 Conjurations
 + Level 1.5 Summonings
 + Level 1.4 Translocations


You had 7 spell levels left.
You knew the following spells:

 Your Spells              Type           Power        Failure   Level  Hunger
a - Magic Dart            Conj           ####         4%          1    None
b - Blink                 Tloc           N/A          7%          2    None
c - Call Imp              Summ           ###...       6%          2    None
d - Conjure Flame         Conj/Fire      ###.....     13%         3    #......

Your spell library contained the following spells:

 Spells                   Type           Power        Failure   Level  Hunger
 Mephitic Cloud           Conj/Pois/Air  ###.....     16%         3    #......
 Spider Form              Tmut/Pois      ##.          19%         3    #......


Dungeon Overview and Level Annotations

Branches:
Dungeon (4/12)
 Temple: D:4-7

Altars:
Elyvilon


Innate Abilities, Weirdness & Mutations

You never pass out after going berserk.
You often lose your temper in combat.
You can translocate small distances at will.
Scrolls take you longer to read.
Your spells are harder to cast, but more powerful.
You expend magic power (3 MP) to strengthen your wands.
Your body floats in the air.


Message History

Casting: Magic Dart (safe; 4% risk of failure)
Confirm with . or Enter, or press ? or * to list all spells.
Aiming: Magic Dart (safe; 4% risk of failure)
Press: ? - help, Shift-Dir - straight line, f/p - orc priest
Aim: an orc priest, wielding a +0 hand axe and wearing a +0 leather armour (heavily wounded)
The magic dart hits the orc priest but does no damage.
The orc priest is heavily wounded.
The orc priest hits you but does no damage.
An orc comes into view.
The orc shouts!
Casting: Magic Dart (safe; 4% risk of failure)
Confirm with . or Enter, or press ? or * to list all spells.
Aiming: Magic Dart (safe; 4% risk of failure)
Press: ? - help, Shift-Dir - straight line, f/p - orc priest
Aim: an orc priest, wielding a +0 hand axe and wearing a +0 leather armour (heavily wounded)
The magic dart hits the orc but does no damage.
The orc completely misses you.
The orc priest invokes the aid of Beogh against you.
Beogh smites you!
You die...

###..##<#.###
######..##o#...#
.............#....
######..##.#.....
##.###..##........
.#........#......
#.###...#.#..#...
#.#####.##...#.?#..##.#
#.....s..@...##.#..# .#
######oo##........##...
#...J###.o..........
#.##.###.##..#####.. #.
##.##(##...# #
##.#.#.##.# ##...###.#
##.## #.# ######o####.#


You could see an orc priest, an ooze, 2 orcs and a giant cockroach.

Vanquished Creatures
  A crimson imp (D:3)
  2 adders (D:3)
  An ooze (D:1)
  4 dart slugs
  2 leopard geckos (D:2)
  A ball python (D:2)
  2 giant cockroaches (D:2)
  4 hobgoblins
  5 jackals (D:3)
  5 bats
  A frilled lizard (D:3)
  A goblin (D:1)
  8 kobolds
  5 rats
42 creatures vanquished.

Vanquished Creatures (collateral kills)
  An adder (D:3)
  2 worms
  A hobgoblin (D:2)
4 creatures vanquished.

Vanquished Creatures (others)
  A kobold (D:2)
1 creature vanquished.

Grand Total: 47 creatures vanquished

Notes
Turn   | Place    | Note
-------+----------+-------------------------------------------
     0 | D:1      | Foic the Djinni Wizard began the quest for the Orb.
     0 | D:1      | Reached XP level 1. HP: 14/14 MP: 5/5
   431 | D:1      | Reached skill level 5 in Spellcasting
   431 | D:1      | Reached XP level 2. HP: 20/20 MP: 2/8
   439 | D:1      | Learned a level 2 spell: Blink
   442 | D:1      | Learned a level 2 spell: Call Imp
  1493 | D:2      | Noticed a crimson imp
  2266 | D:2      | Reached XP level 3. HP: 18/26 MP: 3/10
  2271 | D:2      | Learned a level 3 spell: Conjure Flame
  3217 | D:2      | Found a white marble altar of Elyvilon.
  3933 | D:3      | Gained mutation: Your spells are harder to cast, but more
                  | powerful. [Djinni growth]
  3933 | D:3      | Gained mutation: You can translocate small distances at
                  | will. [Djinni growth]
  3933 | D:3      | Reached XP level 4. HP: 31/33 MP: 1/11
  4175 | D:3      | Reached skill level 6 in Spellcasting
  4895 | D:4      | Found Qamaja Goiv's Distillery.
  5020 | D:4      | Killed from afar by an orc priest

Skill      XL: |  1  2  3  4 |
---------------+-------------+-----
Spellcasting   | 5 6 |  6.3
Conjurations   | 2 |  2.2
Dodging        | |  2.3
Stealth        | |  1.7
Summonings     | |  1.5
Translocations | |  1.4

Action                   |  1- 3 |  4- 6 || total
-------------------------+-------+-------++-------
Melee: Staff             |    10 |       ||    10
 Cast: Magic Dart        |   139 |    17 ||   156
       Call Imp          |    17 |     5 ||    22
       Blink             |     5 |     1 ||     6
Evoke: Wand              |     3 |       ||     3
  Use: Scroll            |     3 |       ||     3
  Eat: Chunk             |     9 |       ||     9
       Ration            |       |     1 ||     1
Armor: Robe              |    10 |       ||    10
Dodge: Dodged            |    35 |     6 ||    41
